Map: [ESL] Inside and Out

Players

Maru - Winner!

  • Race: Terran Terran
  • Spawn Location: 1:00

RagnaroK (SHIN)

  • Race: Zerg Zerg
  • Spawn Location: 7:00

Event: TSL 9

VOD

Have the link to the VOD?

Description

Time

  • Played on: Aug. 6, 2022, 7:09 a.m.
  • Length: 8:10

All games in this series

Show
View Real Time Build Order
Export as new Build Order

Maru Terran - Winner!

Build Orders: Reaper Expand 

Get SALT Encoding   

  12  0:00  SCV  
  13  0:12  SCV  
  14  0:17  Supply Depot  
  14  0:24  SCV  
  15  0:38  SCV  
  15  0:39  Barracks  
  16  0:42  Refinery  
  16  0:50  SCV  
  17  1:02  SCV  
  18  1:14  SCV  
  19  1:26  Reaper, Orbital Command  
  20  1:38  Command Center  
  20  1:51  Supply Depot  
  20  1:52  SCV  
  21  2:00  Marine  
  21  2:04  SCV  
  22  2:08  Factory  
  22  2:16  SCV  
  22  2:18  Refinery, Marine  
  24  2:28  SCV  
  25  2:37  Barracks Reactor  
  25  2:40  SCV  
  26  2:52  SCV  
  26  2:54  Widow Mine  
  26  2:56  Orbital Command  
  26  2:57  Starport  
  29  3:04  SCV  
  30  3:14  Marine x2  
  30  3:16  SCV, Hellion  
  35  3:22  SCV  
  35  3:24  Supply Depot  
  36  3:29  SCV  
  36  3:33  Marine x2  
  36  3:34  SCV, Medivac  
  41  3:38  Factory Tech Lab  
  41  3:41  SCV  
  43  3:46  SCV  
  44  3:49  Supply Depot  
  44  3:53  SCV  
  45  3:58  SCV  
  45  4:02  Barracks Tech Lab  
  50  4:03  Hellion x2  
  50  4:05  SCV  
  51  4:10  SCV  
  51  4:13  Raven  
  54  4:17  Supply Depot, SCV  
  54  4:20  Stimpack, Marine  
  56  4:26  Barracks  
  56  4:29  SCV, Barracks  
  56  4:31  SCV  
  58  4:32  Factory Reactor  
  58  4:36  Refinery  
  58  4:39  Engineering Bay, Marine  
  58  4:41  SCV  
  58  4:42  Supply Depot  
  58  4:43  SCV  
  59  4:53  SCV  
  59  4:55  SCV  
  61  5:05  SCV  
  61  5:06  Marine  
  63  5:07  SCV, Starport Reactor  
  63  5:12  Terran Infantry Weapons Level 1  
  57  5:17  SCV  
  57  5:19  SCV, Siege Tank  
  62  5:22  Barracks  
  62  5:23  Barracks, Marine x4  
  62  5:24  Marine  
  67  5:34  Supply Depot  
  67  5:37  Supply Depot  
  67  5:41  Marine x5  
  72  5:44  Medivac x2  
  72  5:47  SCV  
  72  5:48  Supply Depot  
  77  5:50  Refinery  
  77  5:56  Siege Tank  
  80  5:59  Marine x4  
  84  6:04  Marine  
  84  6:07  Supply Depot  
  84  6:09  Marine x2  
  84  6:11  Supply Depot, Combat Shield  
  87  6:16  Marine  
  87  6:17  Marine x3  
  91  6:22  Marine  
  91  6:27  Marine x2  
  93  6:34  Marine x3  
  93  6:35  Medivac, Siege Tank, Marine  
  93  6:38  Medivac  
  104  6:40  Marine  
  104  6:45  Marine x2  
  104  6:46  Supply Depot  
  107  6:52  Marine  
  107  6:53  Marine  
  109  6:57  Supply Depot  
  109  7:01  Marine x3  
  109  7:06  Marine x2  
  109  7:07  Siege Tank  
  115  7:12  Marine  
  116  7:20  Marine x2  
  116  7:22  Medivac, Marine x2  
  113  7:24  Marine x2  
  113  7:29  Medivac, Marine  
  120  7:38  Marine x2  
  120  7:40  Marine  
  120  7:46  Marine  
  120  7:47  Marine x3  
Show
View Real Time Build Order
Export as new Build Order

RagnaroK Zerg 

Build Orders: Pool First 

Get SALT Encoding   

  12  0:00  Drone  
  13  0:12  Overlord  
  13  0:16  Drone  
  14  0:30  Drone x2  
  16  0:40  Spawning Pool  
  15  0:44  Drone  
  15  0:47  Drone  
  17  1:08  Hatchery  
  16  1:12  Drone  
  17  1:26  Zergling x4  
  17  1:28  Zergling x2  
  17  1:29  Queen  
  22  1:39  Overlord  
  22  1:41  Extractor  
  21  1:50  Drone  
  22  2:01  Drone  
  23  2:06  Queen  
  25  2:11  Drone  
  26  2:20  Queen  
  26  2:21  Drone  
  26  2:22  Drone  
  30  2:31  Drone  
  30  2:36  Overlord  
  31  2:37  Drone  
  31  2:38  Drone  
  31  2:39  Drone  
  31  2:42  Drone  
  31  2:43  Metabolic Boost  
  35  2:46  Drone  
  36  2:54  Queen  
  38  2:59  Drone x2  
  38  3:04  Overlord  
  40  3:05  Drone  
  41  3:13  Drone x2  
  41  3:14  Drone  
  44  3:24  Drone x2  
  46  3:28  Hatchery  
  46  3:30  Drone x2  
  47  3:34  Drone  
  47  3:36  Queen  
  47  3:40  Overlord  
  50  3:45  Queen  
  52  3:51  Overlord  
  52  3:52  Overlord  
  52  4:00  Drone x3  
  52  4:02  Zergling x6  
  58  4:05  Drone x2  
  58  4:09  Drone  
  61  4:11  Spore Crawler  
  61  4:15  Zergling x6, Spore Crawler  
  62  4:20  Queen  
  64  4:25  Queen  
  64  4:27  Drone  
  64  4:28  Drone  
  68  4:32  Overlord  
  68  4:39  Overlord  
  68  4:40  Drone x3  
  68  4:42  Drone  
  73  4:45  Drone  
  73  4:46  Drone  
  73  4:50  Drone  
  73  4:52  Drone x2  
  77  4:53  Drone  
  77  4:54  Drone  
  77  4:58  Drone  
  80  5:00  Baneling Nest, Queen  
  80  5:02  Drone  
  79  5:07  Drone  
  79  5:09  Drone  
  79  5:11  Spore Crawler  
  79  5:13  Drone  
  79  5:15  Lair  
  79  5:16  Drone  
  79  5:19  Drone  
  81  5:23  Drone x3  
  81  5:27  Extractor x2  
  82  5:29  Zergling x4  
  82  5:33  Drone x4  
  88  5:36  Hatchery  
  88  5:40  Evolution Chamber x2  
  88  5:41  Drone x4  
  89  5:45  Overlord x2  
  89  5:52  Overlord, Extractor  
  89  5:53  Overlord  
  88  5:57  Overlord  
  88  6:01  Zergling x2  
  89  6:05  Zergling x14  
  89  6:09  Zerg Ground Armor Level 1, Zerg Melee Weapons Level 1  
  96  6:12  Zergling x6  
  99  6:18  Drone  
  99  6:19  Drone x2  
  99  6:20  Centrifugal Hooks  
  99  6:22  Drone x2  
  99  6:24  Drone x3  
  106  6:26  Zergling x2  
  106  6:31  Zergling x2  
  106  6:33  Overlord  
  106  6:36  Zergling x8  
  110  6:40  Baneling x9  
  110  6:45  Drone  
  110  6:46  Drone x3  
  114  6:49  Zergling x2  
  114  6:50  Zergling x4  
  117  6:54  Baneling x4  
  117  6:55  Drone  
  117  6:58  Zergling x2, Baneling  
  117  6:59  Zergling x4, Baneling x3  
  117  7:00  Zergling x2, Overlord  
  122  7:01  Overlord  
  122  7:06  Queen x3  
  122  7:08  Zergling x6  
  129  7:12  Zergling x6  
  124  7:18  Zergling x2  
  124  7:19  Zergling x4  
  124  7:21  Zergling x6  
  124  7:22  Baneling x8  
  117  7:23  Zergling x6  
  117  7:25  Zergling x2  
  117  7:26  Queen  
  117  7:29  Zergling x6  
  126  7:30  Zergling x2  
  126  7:31  Zergling x2  
  126  7:33  Zergling x2  
  126  7:36  Zergling x2  
  127  7:44  Zergling x6  
  122  7:47  Zergling x2  
  113  7:51  Baneling x3  
  113  7:52  Zergling x2  
Tags
 
Add a new tag
Caveats
  • Supply blocks, unpowered buildings, or Contaminate may cause inaccurate times.
  • Supply counts are checked every 10 seconds.